 Dungeon Crawl Stone Soup version 0.22.1-1-ga44c0e56f4 (webtiles) character file.

385 Reeggar the Sneak (level 6, -1/43 HPs)
             Began as an Octopode Fighter on Oct 22, 2018.
             Was a Follower of Trog.
             Slain by an iguana (12 damage)
             ... on level 4 of the Dungeon.
             The game lasted 00:15:30 (3727 turns).

Reeggar the Sneak (Octopode Fighter)                Turns: 3727, Time: 00:15:30

Health: -1/43      AC:  1    Str: 17    XL:     6   Next: 77%
Magic:  6/6        EV: 12    Int: 10    God:    Trog [*.....]
Gold:   142        SH:  9    Dex: 12    Spells: 5/5 levels left

rFire    . . .     SeeInvis .   a - +0 war axe
rCold    . . .     Gourm    .   b - +0 shield
rNeg     . . .     Faith    .   (helmet restricted)
rPois    .         Spirit   .   (no amulet)
rElec    .         Reflect  .   (no ring)
rCorr    .         Harm     .   (no ring)
MR       .....                  (no ring)
Stlth    ++++......             (no ring)
HPRegen  0.14/turn              (no ring)
MPRegen  0.10/turn              (no ring)
                                (no ring)
                                (no ring)

@: about to teleport
A: almost no armour, stealthy swim, amphibious, 8 rings, constrict 8, camouflage
1, gelatinous body 1
a: Berserk, Renounce Religion


You were on level 4 of the Dungeon.
You worshipped Trog.
Trog was aware of your devotion.
You were not hungry.

You visited 1 branch of the dungeon, and saw 4 of its levels.

You collected 142 gold pieces.

Inventory:

Hand Weapons
 a - a +0 war axe (weapon)
 m - a cursed -3 dagger
 w - a +4 morningstar
Armour
 b - a +0 shield (worn)
Scrolls
 g - 2 scrolls of random uselessness {unknown}
 h - 2 scrolls of teleportation
 i - 2 scrolls of enchant armour {unknown}
 j - 5 scrolls of identify {unknown}
 k - 2 scrolls of noise {unknown}
 n - a scroll of fog {unknown}
 u - 3 scrolls of amnesia {unknown}
 x - a scroll of blinking {unknown}
 y - a scroll of remove curse {unknown}
Potions
 c - a potion of might
 e - a potion of magic {unknown}
 f - 2 potions of berserk rage {unknown}
 l - a potion of invisibility {unknown}
 o - 2 potions of agility {unknown}
 p - a potion of flight {unknown}
 q - 2 potions of lignification {unknown}
 r - a potion of haste {unknown}
 s - a potion of brilliance {unknown}
 t - a potion of curing {unknown}
Comestibles
 d - 3 rations
 v - 12 chunks of flesh


   Skills:
 + Level 3.9 Fighting
 + Level 4.3 Axes
 + Level 3.6 Dodging
 * Level 4.8 Stealth
 + Level 3.8 Shields


You had 5 spell levels left.
You didn't know any spells.
Your spell library was empty.

Dungeon Overview and Level Annotations

Branches:
Dungeon (4/15)             Temple (0/1) D:4

Altars:
Okawaru
Trog


Innate Abilities, Weirdness & Mutations

You cannot wear most types of armour.
You are very stealthy in the water. (Stealth+)
You are amphibious.
You can wear up to eight rings at the same time.
You can use your tentacles to constrict eight enemies at once.
Your skin changes colour to match your surroundings (Stealth+).
Your rubbery body absorbs attacks. (AC +1, EV +1)


Message History

You constrict Ijyb, but do no damage. You block Ijyb's attack.
Ijyb hits you but does no damage.
You hit Ijyb.
Ijyb is heavily wounded.
You constrict Ijyb. Ijyb barely misses you.
The adder hisses angrily.
You hit Ijyb.
Ijyb is severely wounded.
You barely miss the iguana. You constrict Ijyb. You block the iguana's attack.
You block Ijyb's attack. The iguana barely misses you.
You hit Ijyb.
You kill Ijyb!
Trog accepts your kill.
You barely miss the iguana. The iguana closely misses you.
As you read the scroll of teleportation, it crumbles to dust.
You feel strangely unstable.
The iguana hisses menacingly.
The iguana barely misses you. The iguana bites you!
You die...

§§> ≈§≈≈ ### #.≈≈§
.. #...≈≈ # ##.
#.....# .##.#..##
##.%.....
........###[.......
..........@S.......
.##.....###l.......
#.#...# ##.......
#.....# #.....#
........# #...##
.####.#)# #+##
#.#.# ....# ##.###


You could see an iguana and an adder.

Vanquished Creatures
  Grinder (D:3)
  An orc wizard (D:4)
  Ijyb (D:4)
  Jessica (D:3)
  4 adders
  An ooze (D:1)
  An adder skeleton (D:4)
  2 dart slugs
  11 orcs
  A bat (D:1)
  3 giant cockroaches
  6 goblins
  9 hobgoblins
  4 jackals (D:1)
  11 kobolds
  A quokka (D:2)
  6 frilled lizards
  2 rats (D:1)
66 creatures vanquished.

Notes
Turn   | Place    | Note
-------+----------+-------------------------------------------
     0 | D:1      | Reeggar the Octopode Fighter began the quest for the Orb.
     0 | D:1      | Reached XP level 1. HP: 16/16 MP: 1/1
    70 | D:1      | Reached XP level 2. HP: 6/21 MP: 2/2
  1013 | D:1      | Reached XP level 3. HP: 26/26 MP: 3/3
  1031 | D:1      | Reached skill level 1 in Stealth
  1875 | D:2      | Found a bloodstained altar of Trog.
  1880 | D:2      | Became a worshipper of Trog the Wrathful
  1901 | D:2      | Reached XP level 4. HP: 16/31 MP: 4/4
  3197 | D:3      | Noticed Jessica
  3204 | D:3      | Killed Jessica
  3204 | D:3      | Reached XP level 5. HP: 22/36 MP: 5/5
  3220 | D:3      | Found an iron altar of Okawaru.
  3228 | D:3      | Noticed Grinder
  3341 | D:3      | Paralysed by Grinder for 2 turns
  3343 | D:3      | Killed Grinder
  3343 | D:3      | Reached XP level 6. HP: 37/43 MP: 6/6
  3501 | D:4      | Reached * piety under Trog
  3718 | D:4      | Noticed Ijyb
  3720 | D:4      | Found a staircase to the Ecumenical Temple.
  3725 | D:4      | Killed Ijyb
  3727 | D:4      | Slain by an iguana

Skill      XL: |  1  2  3  4  5 |
---------------+----------------+-----
Stealth        | 2 3 4 |  4.8
Axes           | 3 4 |  4.3
Fighting       | |  3.9
Dodging        | |  3.6
Shields        | |  3.8

Action                   |  1- 3 |  4- 6 || total
-------------------------+-------+-------++-------
Melee: War axe           |    69 |    49 ||   118
       Constrict         |    12 |    14 ||    26
       Tentacles         |     9 |     9 ||    18
  Use: Scroll            |       |     2 ||     2
 Stab: Sleeping          |     3 |     4 ||     7
  Eat: Chunk             |     3 |     2 ||     5
       Ration            |       |     1 ||     1
Armor: Skin              |     5 |     2 ||     7
Dodge: Dodged            |    31 |    15 ||    46
Block: Shield            |    28 |    19 ||    47
